 Dungeon Crawl Stone Soup version 0.31.0-10-gcf4a605ca0 (webtiles) character file.

Game seed: 8577525197452114912

30 sanka the Trooper (level 3, 33/33 HPs)
             Began as a Minotaur Fighter on Jan 25, 2024.
             Was a Follower of Uskayaw.
             Quit the game on level 2 of the Dungeon.
             The game lasted 00:00:51 (730 turns).

sanka the Trooper (Minotaur Fighter)                 Turns: 730, Time: 00:00:52

Health: 33/33      AC:  6    Str: 20    XL:     3   Next: 5%
Magic:  2/2        EV:  9    Int:  5    God:    Uskayaw [*.....]
Gold:   27         SH:  4    Dex: 11    Spells: 2/2 levels left

rFire   . . .        a - +0 flail
rCold   . . .        c - +0 buckler
rNeg    . . .        b - +0 scale mail
rPois   .            (helmet restricted)
rElec   .            (no cloak)
rCorr   .            (no gloves)
SInv    .            (no boots)
Will    .....        i - amulet of the acrobat Stlth
                     (no ring)
HPRegen 0.25/turn    (no ring)
MPRegen 0.08/turn

%: acrobat
@: no status effects
A: horns 2, retaliatory headbutt
a: Renounce Religion, Stomp


You were on level 2 of the Dungeon.
You worshipped Uskayaw.
Uskayaw was noncommittal.
You visited 1 branch of the dungeon, and saw 2 of its levels.

You collected 27 gold pieces.


Innate Abilities, Weirdness & Mutations

You have a pair of horns on your head.
You reflexively headbutt those who attack you in melee.


   Skills:
 - Level 4.0 Fighting
 + Level 4.0 Maces & Flails
 - Level 3.6 Armour
 - Level 3.6 Shields


You had 2 spell levels left.
You didn't know any spells.
Your spell library was empty.

Inventory:

Hand Weapons
 a - a +0 flail (weapon)
Armour
 b - a +0 scale mail (worn)
 c - a +0 buckler (worn)
Jewellery
 i - an amulet of the acrobat (around neck)
Scrolls
 g - a scroll of identify {unknown}
 h - 3 scrolls of noise {unknown}
Potions
 d - a potion of might
 e - a potion of degeneration {unknown}
 f - 2 potions of brilliance {unknown}

Dungeon Overview and Level Annotations

Branches:
Dungeon (2/15)

Altars:
Uskayaw

...▒▒ . ▒▒▒▒▒ ........
..... ▒.....▒.▒...▒ ▒
▒..▒...▒.... ▒..
▒..▒:...... ..
▒.......$▒▒.▒▒.▒
▒.....▒........▒
▒...▒...H..▒ ▒▒▒
▒.....▒.$...▒
▒▒▒▒.▒▒▒▒........▒▒..▒
............▒........$..
▒▒........†..▒....▒....▒
▒▒...▒▒▒▒..▒▒▒.▒▒.▒.▒..
▒▒..▒ ▒............ ▒ ▒
▒..▒ ▒▒▒....▒▒▒▒▒ ▒ ▒..▒
▒▒.▒▒


There were no monsters in sight!


Message History

Found a faded altar of an unknown god.
You sock the endoplasm!
You kill the endoplasm!
You block the hobgoblin's attack.
You have reached level 3!
Your experience leads to an increase in your attributes!
Increase (s)trength, (i)ntelligence, or (d)exterity?
You feel agile.
You feel agile.
Unknown command.
You hit the hobgoblin.
The hobgoblin is moderately wounded.
The hobgoblin hits you but does no damage.
You sock the hobgoblin!
You kill the hobgoblin!
No target in view!
Things that are here:
an amulet of the acrobat; a hobgoblin corpse
i - an amulet of the acrobat You finish putting on your amulet of the acrobat.
You feel ready to tumble and roll out of harm's way.
i - an amulet of the acrobat (around neck)
Found 6 gold pieces.
There is a faded altar of an unknown god here.
You see here 3 scrolls of immolation {!r}.
This altar belongs to (a) Trog, (b) Uskayaw or (c) the Shining One, but you can't tell which.
Press the corresponding letter to learn more about a god, or press enter to convert or escape to cancel.
Uskayaw accepts your prayer! Uskayaw welcomes you!
You can now stomp with the beat.
Are you sure you want to abandon this character and quit the game? (Confirm with "yes".)

Action                     || total
---------------------------++-------
  Melee: Flail             ||    30
         Headbutt          ||     4
 Armour: Scale mail        ||    14
  Dodge: Dodged            ||    16
  Block: Buckler           ||     5

Levels and vault maps discovered:
D:1:      tekkud_arrival_beachfront_property, layout_loops_ring,
          chequers_serial_rivers_marsh
D:2:      layout_loops_ring, basic_altar, hellmonk_ecumenical_altar_blasted,
          grunt_ministairs_8

Notes
Turn   | Place    | Note
-------+----------+-------------------------------------------
     0 | D:1      | sanka the Minotaur Fighter began the quest for the Orb.
     0 | D:1      | Reached XP level 1. HP: 19/19 MP: 0/0
   253 | D:1      | Reached skill level 4 in Fighting
   253 | D:1      | Reached skill level 3 in Maces & Flails
   253 | D:1      | Reached XP level 2. HP: 27/27 MP: 1/1
   702 | D:2      | Reached skill level 4 in Maces & Flails
   712 | D:2      | Found a faded altar of an unknown god.
   714 | D:2      | Reached XP level 3. HP: 33/33 MP: 2/2
   729 | D:2      | Prayed at the altar of an unknown god.
   729 | D:2      | Became a worshipper of Uskayaw the Reveller
   729 | D:2      | Reached * piety under Uskayaw
   730 | D:2      | Quit the game

Vanquished Creatures
  An adder (D:2)
  A dart slug (D:1)
  3 endoplasms
  A giant cockroach (D:1)
  2 goblins (D:2)
  2 hobgoblins
  3 kobolds (D:1)
  4 ball pythons (D:1)
  3 frilled lizards
20 creatures vanquished.
